 Dungeon Crawl Stone Soup version 0.28-a0-983-g1de4e0787c (webtiles) character file.

Game seed: 8311857636911015285

94 kae the Ruffian (level 4, 0/54 HPs)
             Began as a Draconian Transmuter on Dec 2, 2021.
             Engulfed by a cloud of flame (12 damage)
             ... while paralysed by Grinder
             ... on level 3 of the Dungeon.
             The game lasted 00:02:34 (2529 turns).

kae the Ruffian (Draconian Transmuter)              Turns: 2529, Time: 00:02:35

Health: 0/54       AC: 22    Str: 12    XL:     4   Next: 38%
Magic:  7/7        EV:  2    Int: 22    God:
Gold:   91         SH:  0    Dex: 17    Spells: 4/8 levels left

rFire   . . .      SeeInvis .     - Unarmed
rCold   . . .      Faith    .   (no shield)
rNeg    . . .      Spirit   .   (armour unavailable)
rPois   +          Reflect  .   (helmet currently unavailable)
rElec   .          Harm     .   (cloak currently unavailable)
rCorr   .          Rampage  .   (gloves currently unavailable)
Will    .....      NoTele   +   (boots currently unavailable)
Stlth   ++........              (no amulet)
HPRegen 0.18/turn               c - +6 ring of dexterity
MPRegen 0.10/turn               d - +6 ring of intelligence

@: paralysed, tree-form
A: stationary, stasis, torment immunity, boosted hp, AC +5, unfitting armour,
(cold-blooded)
a: no special abilities


You were on level 3 of the Dungeon.
You were a tree.
You visited 1 branch of the dungeon, and saw 3 of its levels.

You collected 91 gold pieces.

Inventory:

Armour
 j - a +0 pair of gloves (melded)
Jewellery
 c - a +6 ring of dexterity (left branch)
 d - a +6 ring of intelligence (right branch)
Scrolls
 e - a scroll of identify
Potions
 b - a potion of lignification


   Skills:
 - Level 1.7 Fighting
 - Level 2.1 Dodging
 + Level 3.4 Unarmed Combat
 + Level 2.5 Spellcasting
 * Level 2.9 Transmutations
 * Level 1.4 Poison Magic


You had 4 spell levels left.
You knew the following spells:

 Your Spells              Type           Power      Damage    Failure   Level
a - Beastly Appendage     Tmut           30%        N/A       4%          1
b - Spider Form           Tmut/Pois      12%        N/A       16%         3

Your spell library contained the following spells:

 Spells                   Type           Power      Damage    Failure   Level
 Wereblood                Tmut           15%        N/A       6%          2
 Foxfire                  Conj/Fire      8%         2x1d4     13%         1
 Conjure Flame            Conj/Fire      2%         6-21      36%         3
 Inner Flame              Hex/Fire       2%         N/A       36%         3
 Ozocubu's Armour         Ice            2%         N/A       36%         3
 Ice Form                 Ice/Tmut       9%         N/A       58%         4
 Flame Wave               Conj/Fire      2%         2d4       78%         4
 Metabolic Englaciation   Hex/Ice        1%         N/A       98%         5
 Simulacrum               Ice/Necr       1%         N/A       100%        6


Dungeon Overview and Level Annotations

Branches:
Dungeon (3/15)

Altars:

Annotations:
D:3 Grinder


Innate Abilities, Weirdness & Mutations

You are a tree.
Your roots penetrate the ground, keeping you stationary.
You cannot be teleported.
You are immune to unholy pain and torment.
Your maximum health is greatly increased.
Your equipment is partially melded.
((Your plain brown scales are hard. (AC +5)))
You cannot fit into any form of body armour.
((You are cold-blooded and may be slowed by cold attacks.))


Message History

Your +0 pair of gloves melds into your body.
Your roots penetrate the ground.
It was a potion of ambrosia.
You are confused.
You feel invigorated. The gnoll hits you but does no damage.
Grinder blinks!
The gnoll hits you but does no damage. The gnoll barely misses you.
You cannot move. (Use ctrl+direction or * direction to attack without moving.)
You cannot move. (Use ctrl+direction or * direction to attack without moving.)
You cannot move. (Use ctrl+direction or * direction to attack without moving.)
You smack the gnoll!
The gnoll explodes!
The fiery explosion engulfs the gnoll!!
The fiery explosion engulfs you!!
The gnoll explodes!
You feel a bit more experienced.
You are engulfed in blazing flames.
You hear a shout!
You have reached level 4!
You feel clever.
Unknown command.
You are engulfed in blazing flames.
* * * LOW HITPOINT WARNING * * *
Grinder no longer looks unusually strong.
You are engulfed in blazing flames.
* * * LOW HITPOINT WARNING * * *
A gnoll comes into view. It is wielding a +0 spear.
It was a potion of curing.
You feel better.
You are engulfed in blazing flames.
You feel less invigorated. Grinder gestures at you.
You suddenly lose the ability to move!
A gnoll comes into view.
It is wielding a +1 whip of electrocution.
You are engulfed in blazing flames.
The gnoll sergeant hits you with a +1 vorpal spear.
Grinder hits you.
* * * LOW HITPOINT WARNING * * *
You are engulfed in blazing flames.
The gnoll sergeant hits you but does no damage.
Grinder barely misses you.
You are engulfed in blazing flames.
You die...

######...###.##..#
#.#.#.######
.........###.##..####.....####
######..#........<.....#.....#
# #..#.##.##...........##.# #
#..#.##.......#......# # #
#...#.####...........# #
#..###.###....#......# # ##.##
##.##...........# # #.##
##.§§♣5...........# # ##.##
##.##g##.....#######
#..###...§§....#..#
###)#>....§.....(.#
##.#####g######.# ### #g# #.#
#.# #.# ##.## ###§..#


You could see Grinder (inner flame), a gnoll sergeant and 2 gnolls.

Vanquished Creatures
  3 gnolls (D:3)
  An adder (D:2)
  4 ball pythons
  5 endoplasms
  6 goblins
  6 hobgoblins
  7 jackals
  A quokka (D:1)
  9 bats
  2 frilled lizards
  4 kobolds
  4 rats
52 creatures vanquished.

Vanquished Creatures (others)
  2 fungi (D:2)
  A plant (D:2)
3 creatures vanquished.

Grand Total: 55 creatures vanquished

Notes
Turn   | Place    | Note
-------+----------+-------------------------------------------
     0 | D:1      | kae the Draconian Transmuter began the quest for the Orb.
     0 | D:1      | Reached XP level 1. HP: 16/16 MP: 3/3
   259 | D:1      | Reached XP level 2. HP: 21/23 MP: 3/5
  1011 | D:1      | Reached XP level 3. HP: 29/29 MP: 4/6
  1015 | D:1      | Learned a level 3 spell: Spider Form
  2042 | D:2      | Reached skill level 1 in Poison Magic
  2124 | D:2      | Found a faded altar of an unknown god.
  2492 | D:3      | Noticed Grinder
  2497 | D:3      | Noticed a gnoll sergeant
  2524 | D:3      | Reached XP level 4. HP: 22/36 MP: 7/7
  2526 | D:3      | Paralysed by Grinder for 4 turns
  2529 | D:3      | Engulfed by a cloud of flame

Illustrated notes

Levels and vault maps discovered:
D:1:      pf_arrival_petrified_forest, layout_basic, st_stairs_1
D:2:      layout_basic, shapermc_ecumenical_altar_acropolis
D:3:      layout_loops_ring, kennysheep_generic_room_3, uniq_crazy_yiuf_cottage,
          uniq_grinder

Skill      XL: |  1  2  3 |
---------------+----------+-----
Dodging        | 2 |  2.1
Poison Magic   | 1 |  1.4
Fighting       | |  1.7
Unarmed Combat | |  3.4
Spellcasting   | |  2.5
Transmutations | |  2.9

Action                   |  1- 3 |  4- 6 || total
-------------------------+-------+-------++-------
Melee: Unarmed           |   125 |       ||   125
       Kick              |    14 |       ||    14
       Tailslap          |     9 |       ||     9
       Headbutt          |    12 |       ||    12
       Punch             |     1 |       ||     1
 Cast: Beastly Appendage |    32 |       ||    32
  Use: Scroll            |     5 |       ||     5
       Potion            |     2 |     1 ||     3
 Stab: Sleeping          |     1 |       ||     1
Armor: Skin              |    48 |     3 ||    51
Dodge: Dodged            |   105 |     1 ||   106

Table legend: (Time is in decaauts)
 A = Elapsed time spent in this place.
 B = Non-inter-level travel time spent in this place.
 C = Inter-level travel time spent in this place.
 D = Time resting spent in this place.
 E = Time spent auto-exploring this place.
 F = Levels seen in this place.
 G = Mean time per level.
                   A        B        C        D        E       F      G
               +--------+--------+--------+--------+--------+-----+--------+
         Total |   2526 |   2424 |    102 |     10 |   2025 |   3 |  842.0 |
       Dungeon |   2526 |   2424 |    102 |     10 |   2025 |   3 |  842.0 |
               +--------+--------+--------+--------+--------+-----+--------+

Top non-repeatable levels by time:
     D:1: 1352 daAuts
     D:2: 865 daAuts
     D:3: 308 daAuts
